 Dungeon Crawl Stone Soup version 0.24-a0-459-g225fefd530 (webtiles) character file.

Game seed: 7953793399672107331

2648 Gargoyl the Envoy of Void (level 9, -2/73 HPs)
             Began as a Centaur Abyssal Knight on June 28, 2019.
             Was a High Priest of Lugonu.
             Killed from afar by a gargoyle (15 damage)
             ... with a stone arrow
             ... on level 7 of the Dungeon.
             The game lasted 00:12:31 (11295 turns).

Gargoyl the Envoy of Void (Centaur Abyssal Knight) Turns: 11295, Time: 00:12:32

Health: -2/73      AC: 15    Str: 15    XL:     9   Next: 36%
Magic:  13/13      EV:  4    Int: 11    God:    Lugonu [*****.]
Gold:   402        SH:  0    Dex: 12    Spells: 8/8 levels left

rFire    . . .     SeeInvis .   y - +1 long sword of Dissatisfaction {venom, -Tele rElec rC+ MR+} (curse)
rCold    + . .     Gourm    .   (no shield)
rNeg     . . .     Faith    .   f - +0 plate armour
rPois    .         Spirit   .   d - +2 helmet
rElec    +         Reflect  .   b - +0 cloak
rCorr    .         Harm     .   (no gloves)
MR       +....     NoTele   +   (no barding)
Stlth    ..........             x - amulet of magic regeneration
HPRegen  0.22/turn              (no ring)
MPRegen  0.38/turn              (no ring)

@: very quick
A: large, hooves 3, deformed body, speed 2, tough skin 3
a: Depart the Abyss, Bend Space, Banish, Corrupt, Enter the Abyss, Renounce
Religion


You were on level 7 of the Dungeon.
You worshipped Lugonu.
Lugonu was extremely pleased with you.
You were not hungry.

You visited 1 branch of the dungeon, and saw 7 of its levels.
You visited the Abyss 1 time.
You also visited: Sewer and Ossuary.

You collected 402 gold pieces.

Inventory:

Hand Weapons
 a - a +1 hand axe
 y - the cursed +1 long sword of Dissatisfaction (weapon) {venom, -Tele rElec rC+ MR+}
   (You found it on level 6 of the Dungeon)

   It poisons the flesh of those it strikes.
   It protects you from cold.
   It insulates you from electricity.
   It affects your resistance to hostile enchantments.
   It prevents most forms of teleportation.
   It has a curse placed upon it.
Missiles
 z - a javelin (quivered)
Armour
 b - a +0 cloak (worn)
 d - a +2 helmet (worn)
 f - a +0 plate armour (worn)
Jewellery
 s - an uncursed ring of flight
 x - an amulet of magic regeneration (around neck)
 A - an uncursed ring of see invisible
 E - a cursed amulet of inaccuracy {unknown}
Wands
 i - a wand of flame (32)
Scrolls
 e - 4 scrolls of magic mapping
 h - 2 scrolls of fear
 j - 5 scrolls of teleportation
 q - a scroll of fog
 u - 4 scrolls of remove curse
Potions
 g - 3 potions of haste
 k - 3 potions of might
 l - 9 potions of curing
 m - 3 potions of heal wounds
 n - 2 potions of lignification
 o - 2 potions of magic {unknown}
 p - a potion of invisibility {unknown}
 r - a potion of experience {unknown}
 t - a potion of ambrosia {unknown}
 v - 2 potions of flight {unknown}
 w - 2 potions of agility {unknown}
 B - a potion of brilliance {unknown}
 C - 3 potions of mutation {unknown}
 D - 2 potions of berserk rage {unknown}
Comestibles
 c - 17 rations


   Skills:
 + Level 4.9 Fighting
 + Level 2.9 Long Blades
 + Level 5.2 Axes
 * Level 5.6 Armour
 * Level 4.0 Dodging
 * Level 5.8 Invocations
 + Level 0.2 Evocations


You had 8 spell levels left.
You didn't know any spells.
Your spell library contained the following spells:

 Spells                   Type           Power        Failure   Level  Hunger
 Beastly Appendage        Tmut           #.....       100%        1    ##.....
 Call Imp                 Summ           #.......     100%        2    ###....
 Sticks to Snakes         Tmut           #.......     100%        2    ###....
 Ignite Poison            Fire/Tmut/Pois #.......     100%        3    ####...
 Recall                   Summ/Tloc      N/A          100%        3    ####...
 Spider Form              Tmut/Pois      #.........   100%        3    ####...
 Ice Form                 Ice/Tmut       #.......     100%        4    #####..
 Summon Ice Beast         Ice/Summ       #.......     100%        4    #####..
 Blade Hands              Tmut           #.........   100%        5    ######.
 Fireball                 Conj/Fire      #.........   100%        5    ######.
 Bolt of Fire             Conj/Fire      #.........   100%        6    #######
 Ring of Flames           Chrm/Fire      #.........   100%        7    #######
 Summon Hydra             Summ           #.........   100%        7    #######
 Ignition                 Fire           #.........   100%        8    #######


Dungeon Overview and Level Annotations

Branches:
Dungeon (7/15)             Temple (0/1) D:4

Altars:
Dithmenos
Elyvilon
Ru
Vehumet
Zin
The Shining One


Innate Abilities, Weirdness & Mutations

You have hooves in place of feet.
Armour fits poorly on your strangely shaped body.
You cover ground very quickly.
You have extremely tough skin. (AC +3)


Message History

The gargoyle hits you but does no damage.
You hit the gargoyle but do no damage.
You kick the gargoyle, but do no damage.
The gargoyle hits you but does no damage.
You hit the gargoyle but do no damage. The gargoyle barely misses you.
You hit the gargoyle.
The gargoyle is lightly damaged.
The gargoyle hits you but does no damage.
You hit the gargoyle but do no damage.
You kick the gargoyle, but do no damage.
The gargoyle is lightly damaged.
The gargoyle hits you but does no damage.
The gargoyle hurls a stone arrow at you.
The stone arrow hits you!
* * * LOW HITPOINT WARNING * * *
You hit the gargoyle but do no damage.
The gargoyle is lightly damaged.
The gargoyle hurls a stone arrow at you.
The stone arrow hits you!
You die...

*********,,#...####..##
*#*,*#...........
##.,,*#...##...###
#..***#(..##.### #
#.#*###..##...## # #.#
#...##.....### #.#
#...#.......#.
#9###......._.....
*#@......#.......#.
#....#...##.....##.
#....#.#####...##..
#....#.# ###.##.##
#....#.# #..(.(.#.
#....#.####..###..#
#......#....## ##..
#.....##....# ###
****,#*#....# #


You could see a gargoyle.

Vanquished Creatures
  Sigmund (D:2)
  Menkaure (D:5)
  Duvessa (D:5)
  An ice beast (D:6)
  A phantom (D:4)
  2 ogres
  A centaur (D:7)
  4 big kobolds (D:6)
  2 bullfrogs (Sewer)
  Dowan (D:5)
  3 water moccasin zombies (Ossuary)
  A scorpion (D:6)
  3 electric eels (D:6)
  4 crimson imps
  A bullfrog zombie (D:6)
  A jelly (D:6)
  2 hounds
  2 bullfrog skeletons
  An iguana (D:4)
  A worker ant (D:4)
  A statue (D:6)
  2 big kobold zombies (Ossuary)
  A hound skeleton (D:4)
  2 mummies (Ossuary)
  A worker ant zombie (D:7)
  Robin (D:4)
  6 gnolls
  16 adders
  3 river rats (Sewer)
  A shadow imp (D:7)
  5 adder zombies (Ossuary)
  6 worms
  A dart slug (D:1)
  8 leopard geckos
  10 orcs
  11 ball pythons (Sewer)
  7 giant cockroaches
  A gnoll zombie (Ossuary)
  39 goblins
  36 hobgoblins
  8 jackals
  8 kobolds
  2 quokkas
  A ball python skeleton (D:5)
  7 bats
  14 frilled lizards
  A giant cockroach zombie (D:6)
  6 hobgoblin zombies (Ossuary)
  2 kobold zombies (Ossuary)
  A leopard gecko skeleton (D:7)
  2 orc zombies (Ossuary)
  32 rats
276 creatures vanquished.

Vanquished Creatures (others)
  The ghost of Tali the Chopper, an amateur DsBe of Trog (D:4)
1 creature vanquished.

Grand Total: 277 creatures vanquished

Notes
Turn   | Place    | Note
-------+----------+-------------------------------------------
     0 | Abyss:1  | Gargoyl the Centaur Abyssal Knight began the quest for the
                  | Orb.
     0 | Abyss:1  | Reached XP level 1. HP: 19/19 MP: 2/2
    46 | Abyss:1  | Noticed a flying skull
    53 | Abyss:1  | Noticed a large abomination
    55 | D:1      | Escaped the Abyss
   224 | D:1      | Reached * piety under Lugonu
   531 | D:1      | Reached XP level 2. HP: 26/26 MP: 3/3
  1061 | D:2      | Reached skill level 1 in Dodging
  1211 | D:2      | Reached XP level 3. HP: 19/31 MP: 4/4
  1868 | D:2      | Reached XP level 4. HP: 30/38 MP: 5/5
  2044 | D:2      | Reached ** piety under Lugonu
  2097 | D:2      | Noticed Sigmund
  2326 | D:2      | Killed Sigmund
  2326 | D:2      | Reached XP level 5. HP: 35/46 MP: 5/7
  2571 | D:2      | Found a sacrificial altar of Ru.
  2571 | D:2      | Found a glowing golden altar of the Shining One.
  2844 | D:3      | Reached XP level 6. HP: 42/52 MP: 8/8
  3322 | D:3      | Found a glowing drain.
  3340 | Sewer    | Entered a sewer
  3710 | Sewer    | Reached *** piety under Lugonu
  4083 | Sewer    | Reached **** piety under Lugonu
  4083 | Sewer    | Reached XP level 7. HP: 26/59 MP: 9/9
  4428 | D:3      | Found a glowing silver altar of Zin.
  4822 | D:4      | Found a large runed translucent door.
  4826 | D:4      | Found a large runed translucent door.
  4828 | D:4      | Noticed Tali's ghost (amateur DsBe)
  5028 | D:4      | Noticed Robin
  5049 | D:4      | Killed Robin
  5242 | D:4      | Found a staircase to the Ecumenical Temple.
  5541 | D:4      | Banished Tali's ghost
  5670 | D:5      | Entered Level 5 of the Dungeon
  5769 | D:5      | Noticed Menkaure
  6333 | D:5      | Killed Menkaure
  6333 | D:5      | Reached XP level 8. HP: 13/66 MP: 11/11
  7020 | D:5      | Noticed Dowan
  7021 | D:5      | Noticed Duvessa
  7039 | D:5      | Killed Duvessa
  7051 | D:5      | Killed Dowan
  7288 | D:5      | Found a white marble altar of Elyvilon.
  8032 | D:6      | Reached skill level 5 in Axes
  8129 | D:6      | Got an ichor-stained long sword
  8140 | D:6      | Identified the cursed +1 long sword of Dissatisfaction
                  | {venom, -Tele rElec rC+ MR+} (You found it on level 6 of
                  | the Dungeon)
  8931 | D:6      | Found a radiant altar of Vehumet.
  8940 | D:6      | Reached skill level 5 in Invocations
  8990 | D:6      | Identified the Almanac of Companions
  9108 | D:6      | Reached skill level 5 in Armour
  9140 | D:6      | Reached skill level 1 in Long Blades
  9302 | D:6      | Reached XP level 9. HP: 62/72 MP: 11/13
  9506 | D:6      | Reached ***** piety under Lugonu
 10232 | D:7      | Found a shadowy altar of Dithmenos.
 10290 | D:7      | Noticed a gargoyle
 10303 | D:7      | Found a sand-covered staircase.
 10312 | Ossuary  | Entered an ossuary
 11295 | D:7      | Killed from afar by a gargoyle

Levels and vault maps discovered:
D:1:      dpeg_arrival_prison, layout_loops_ring
D:2:      layout_basic, gammafunk_temple_overflow_wave, serial_curves,
          eino_curves_03, eino_curves_04, first_ration, uniq_sigmund
D:3:      layout_loops_ring, zin_statuary, gup_sewer_entry_pipe,
          grunt_decor_fettered
D:4:      layout_basic, minmay_temple_entry_butterflies,
          ebering_ghost_disaster_area, uniq_robin
D:5:      layout_basic, elyvilon_altar_5, uniq_duvessa, uniq_menkaure
D:6:      minmay_goblin_kobold_castle, layout_loops_ring, vehumet_statue,
          corexii_corridor_pit
D:7:      layout_rooms, lemuel_round_altar, enter_ossuary_1

Skill      XL: |  1  2  3  4  5  6  7  8  9 |
---------------+----------------------------+-----
Dodging        | 1 2 3 4 |  4.0
Axes           | 2 3 4 5 |  5.2
Armour         | 2 3 4 5 |  5.6
Invocations    | 3 4 5 |  5.8
Fighting       | 4 |  4.9
Long Blades    | 1 2 |  2.9
Evocations     | |  0.2

Action                   |  1- 3 |  4- 6 |  7- 9 || total
-------------------------+-------+-------+-------++-------
Melee: Hand axe          |   112 |   236 |   234 ||   582
       Kick              |    13 |    48 |   144 ||   205
       Long sword        |       |       |   320 ||   320
Throw: Javelin           |       |       |     2 ||     2
Invok: Depart the Abyss  |     1 |       |       ||     1
       Banish            |       |       |     2 ||     2
Evoke: Wand              |       |       |     5 ||     5
  Use: Scroll            |     3 |     2 |    11 ||    16
       Potion            |       |     1 |       ||     1
  Eat: Chunk             |     1 |     7 |    13 ||    21
       Ration            |       |       |     3 ||     3
Armor: Leather armour    |    57 |       |       ||    57
       Plate armour      |     7 |   246 |   605 ||   858
Dodge: Dodged            |    54 |    27 |    99 ||   180
       Rpst.: Long sword |       |       |    13 ||    13

Table legend:
 A = Non-vault XP
 B = Vault XP
 C = Vault XP percentage of total XP
 D = Non-vault monster count
 E = Vault monster count
 F = Vault count percentage of total count
                 A         B        C        D         E       F
            +---------+---------+-------+---------+---------+-------
      Total |    1773 |    2010 |  53.1 |     127 |     150 |  54.2
            +---------+---------+-------+---------+---------+-------
        D:1 |      39 |       0 |   0.0 |      17 |       0 |   0.0
        D:2 |      98 |     223 |  69.5 |      29 |       1 |   3.3
        D:3 |     102 |      10 |   8.9 |      30 |       4 |  11.8
        D:4 |     362 |     150 |  29.3 |      15 |      13 |  46.4
        D:5 |     154 |     386 |  71.5 |      12 |       3 |  20.0
        D:6 |     668 |     563 |  45.7 |      16 |      58 |  78.4
        D:7 |     350 |       0 |   0.0 |       8 |       0 |   0.0
      Sewer |       0 |     319 | 100.0 |       0 |      48 | 100.0
    Ossuary |       0 |     359 | 100.0 |       0 |      23 | 100.0
            +---------+---------+-------+---------+---------+-------
